 Dungeon Crawl Stone Soup version 0.24-a0-487-g57318f2ed0 (webtiles) character file.

Game seed: 252768255466132550

11519 gruber the Fighter (level 11, -2/130 HPs)
             Began as an Ogre Berserker on July 10, 2019.
             Was a High Priest of Trog.
             Slain by a seven-headed hydra (6 damage)
             ... on level 11 of the Dungeon.
             The game lasted 00:16:54 (12026 turns).

gruber the Fighter (Ogre Berserker)                Turns: 12026, Time: 00:16:54

Health: -2/130     AC:  5    Str: 23    XL:     11   Next: 79%
Magic:  11/11      EV: 13    Int:  8    God:    Trog [*****.]
Gold:   659        SH:  0    Dex: 11    Spells: 10/10 levels left

rFire    . . .     SeeInvis .   U - +3 dire flail (freeze)
rCold    . . .     Gourm    .   (shield currently unavailable)
rNeg     . . .     Faith    .   b - +0 animal skin
rPois    .         Spirit   .   A - +0 hat
rElec    .         Reflect  .   v - +1 cloak {+Inv}
rCorr    +         Harm     .   (gloves unavailable)
MR       +++..                  (boots unavailable)
Stlth    +.........             (no amulet)
HPRegen  1.31/turn              o - ring of resist corrosion
MPRegen  0.12/turn              (no ring)

@: berserk cooldown, regenerating, slowed, very slow
A: large, unfitting armour, tough skin 1
a: Berserk, Trog's Hand, Brothers in Arms, Renounce Religion, Evoke Invisibility


You were on level 11 of the Dungeon.
You worshipped Trog.
Trog was extremely pleased with you.
You were not hungry.

You visited 1 branch of the dungeon, and saw 11 of its levels.

You collected 659 gold pieces.

Inventory:

Hand Weapons
 r - a +1 flail of holy wrath
 x - a +0 giant spiked club
 O - a +2 flail of protection
 T - a +2 flail of draining
 U - a +3 dire flail of freezing (weapon)
Missiles
 z - 7 atropa-tipped darts (quivered)
 C - 5 large rocks
 R - 17 poisoned darts
 S - a throwing net
 X - 3 datura-tipped darts
Armour
 b - a +0 animal skin (worn)
 v - a +1 cloak of invisibility (worn)
 A - a +0 hat (worn)
 W - a +0 troll leather armour
Jewellery
 o - a ring of resist corrosion (left hand)
 w - an uncursed ring of fire {unknown}
 E - an uncursed ring of protection from cold {unknown}
 F - an uncursed amulet of the gourmand {unknown}
 P - an uncursed ring of protection from cold {unknown}
Wands
 u - a wand of acid (6)
 y - a wand of random effects (6)
 J - a wand of flame (15)
Scrolls
 a - 4 scrolls of immolation {unknown}
 d - 16 scrolls of identify {unknown}
 e - 2 scrolls of random uselessness {unknown}
 f - 9 scrolls of teleportation {unknown}
 h - 3 scrolls of enchant armour {unknown}
 p - 2 scrolls of magic mapping {unknown}
 s - 4 scrolls of remove curse {unknown}
 B - a scroll of blinking {unknown}
 D - a scroll of vulnerability {unknown}
 G - a scroll of fear {unknown}
 I - a scroll of summoning {unknown}
 L - a scroll of noise {unknown}
 N - a scroll of fog {unknown}
 Y - a scroll of amnesia {unknown}
Potions
 g - 3 potions of magic {unknown}
 i - 2 potions of haste {unknown}
 j - 2 potions of lignification {unknown}
 k - 3 potions of curing {unknown}
 l - a potion of flight {unknown}
 m - 2 potions of invisibility {unknown}
 n - 3 potions of cancellation {unknown}
 q - 2 potions of resistance {unknown}
 t - a potion of might {unknown}
 H - a potion of brilliance {unknown}
 K - a potion of degeneration {unknown}
 M - 2 potions of heal wounds {unknown}
 Q - 2 potions of mutation {unknown}
Comestibles
 c - 20 rations
 V - 5 chunks of flesh


   Skills:
 - Level 14.0 Fighting
 * Level 11.6 Maces & Flails
 - Level 8.1 Dodging


You had 10 spell levels left.
You didn't know any spells.
Your spell library was empty.

Dungeon Overview and Level Annotations

Branches:
Dungeon (11/15)            Temple (0/1) D:4            Lair (0/6) D:10
    Orc (0/2) D:11

Altars:
Ashenzari
Nemelex Xobeh
The Shining One

Shops:
D:10 (   D:11 (


Innate Abilities, Weirdness & Mutations

You are too large for most types of armour.
You have tough skin. (AC +1)


Message History

The seven-headed hydra bites you!
* * * LOW HITPOINT WARNING * * *
The seven-headed hydra bites you but does no damage.
The seven-headed hydra bites you.
* * * LOW HITPOINT WARNING * * *
You see here 23 gold pieces.
Unknown command.
Your ogre goes berserk!
You feel quite a bit more hungry. The seven-headed hydra bites you.
* * * LOW HITPOINT WARNING * * *
The seven-headed hydra bites you.
* * * LOW HITPOINT WARNING * * *
The seven-headed hydra bites you!
* * * LOW HITPOINT WARNING * * *
The seven-headed hydra bites you!
* * * LOW HITPOINT WARNING * * *
The seven-headed hydra bites you.
* * * LOW HITPOINT WARNING * * *
The seven-headed hydra bites you.
You die...

#.# #.# #.########
###.#####..#.##.##
.................
#.####....[####.
##...##...........
#D# #.##.#######..
#@# #...##..P####.
#O###.###.....####
##...## #.♣...'.#
##### #....P#)##
##.P.##...
#####.### ###


You could see a seven-headed hydra and a friendly ogre (berserk).

Vanquished Creatures
  Erolcha (D:9)
  Harold (D:10)
  A tengu warrior (D:11)
  A two-headed ogre (D:8)
  Joseph (D:10)
  A gargoyle (D:10)
  5 trolls
  A hippogriff (D:7)
  A shadow (D:11)
  A wyvern (D:8)
  6 yaks (D:10)
  Sigmund (D:3)
  Eustachio (D:6)
  2 wargs (D:10)
  An orc warrior (D:10)
  3 ice beasts
  A necrophage (D:10)
  2 sky beasts
  5 ogres
  3 phantoms
  3 centaurs
  2 eyes of draining
  A crocodile (D:9)
  2 big kobolds
  2 wyvern zombies (D:10)
  7 bullfrogs
  A gnoll sergeant (D:5)
  5 scorpions
  12 howler monkeys
  8 wights
  6 crimson imps
  3 bullfrog zombies
  3 jellies
  3 bullfrog skeletons
  6 hounds
  4 orc priests
  A centaur skeleton (D:4)
  Crazy Yiuf (D:3)
  Ijyb (D:3)
  2 iguanas
  8 orc wizards
  7 worker ants
  A hound zombie (D:6)
  2 hound skeletons
  A worker ant zombie (D:7)
  8 gnolls
  A howler monkey skeleton (D:4)
  11 adders
  4 shadow imps
  5 oozes
  4 adder skeletons
  4 worms
  A dart slug (D:2)
  7 leopard geckos
  29 orcs
  9 bats
  3 giant cockroaches
  4 goblins
  9 hobgoblins
  15 jackals
  20 kobolds
  7 quokkas
  4 ball pythons
  7 frilled lizards
  9 rats
292 creatures vanquished.

Notes
Turn   | Place    | Note
-------+----------+-------------------------------------------
     0 | D:1      | gruber the Ogre Berserker began the quest for the Orb.
     0 | D:1      | Reached XP level 1. HP: 24/24 MP: 1/1
   337 | D:1      | Reached XP level 2. HP: 32/32 MP: 2/2
   990 | D:2      | Reached XP level 3. HP: 38/39 MP: 3/3
  1141 | D:2      | Found a glowing golden altar of the Shining One.
  1292 | D:2      | Reached ** piety under Trog
  1322 | D:2      | Reached XP level 4. HP: 45/48 MP: 4/4
  1810 | D:2      | Noticed a centaur
  1821 | D:2      | Killed a centaur
  1821 | D:2      | Reached skill level 5 in Maces & Flails
  1821 | D:2      | Reached XP level 5. HP: 21/54 MP: 5/5
  2960 | D:3      | Noticed Sigmund
  2966 | D:3      | Killed Sigmund
  2966 | D:3      | Reached *** piety under Trog
  2966 | D:3      | Reached XP level 6. HP: 62/62 MP: 6/6
  3063 | D:3      | Reached XP level 7. HP: 23/70 MP: 7/7
  3229 | D:3      | Noticed Ijyb
  3241 | D:3      | Killed Ijyb
  3382 | D:3      | Found a runed translucent door.
  3383 | D:3      | Noticed Crazy Yiuf
  3395 | D:3      | Killed Crazy Yiuf
  3891 | D:4      | Found a staircase to the Ecumenical Temple.
  3909 | D:4      | Reached XP level 8. HP: 27/78 MP: 8/8
  4449 | D:5      | Entered Level 5 of the Dungeon
  4542 | D:5      | Reached **** piety under Trog
  4542 | D:5      | Reached skill level 5 in Fighting
  5117 | D:5      | Reached skill level 6 in Fighting
  5332 | D:5      | Reached skill level 7 in Fighting
  5741 | D:5      | Found a shattered altar of Ashenzari.
  5815 | D:5      | Received a gift from Trog
  5815 | D:5      | Reached skill level 8 in Fighting
  5994 | D:6      | Reached skill level 9 in Fighting
  5994 | D:6      | Reached XP level 9. HP: 47/98 MP: 9/9
  6220 | D:6      | Noticed Eustachio
  6268 | D:6      | Killed Eustachio
  6268 | D:6      | Reached skill level 10 in Fighting
  6531 | D:6      | Found a sparkling altar of Nemelex Xobeh.
  7120 | D:6      | Reached skill level 11 in Fighting
  7495 | D:7      | Reached skill level 12 in Fighting
  8185 | D:8      | Noticed a two-headed ogre
  8211 | D:8      | Killed a two-headed ogre
  8211 | D:8      | Reached skill level 13 in Fighting
  8211 | D:8      | Reached XP level 10. HP: 95/120 MP: 10/10
  8326 | D:8      | Reached skill level 14 in Fighting
  8604 | D:9      | Noticed Erolcha
  8616 | D:9      | Killed Erolcha
  8616 | D:9      | Reached skill level 5 in Dodging
  9290 | D:9      | Reached ***** piety under Trog
  9637 | D:10     | Entered Level 10 of the Dungeon
  9666 | D:10     | Found Ynarucix's Antique Weapon Shoppe.
 10058 | D:10     | Reached XP level 11. HP: 80/130 MP: 11/11
 10102 | D:10     | Received a gift from Trog
 10209 | D:10     | Noticed Joseph
 10226 | D:10     | Killed Joseph
 10519 | D:10     | Found a staircase to the Lair.
 10761 | D:10     | Noticed Harold
 10773 | D:10     | Killed Harold
 10773 | D:10     | Reached skill level 10 in Maces & Flails
 10992 | D:10     | Received a gift from Trog
 11831 | D:11     | Found Zeyhel's Weapon Emporium.
 11836 | D:11     | Noticed a seven-headed hydra
 11918 | D:11     | Noticed a tengu warrior
 11927 | D:11     | Killed a tengu warrior
 11992 | D:11     | Found a staircase to the Orcish Mines.
 12026 | D:11     | HP: 6/130 [seven-headed hydra (13)]
 12026 | D:11     | Slain by a seven-headed hydra

Levels and vault maps discovered:
D:1:      mrwooster_arrival_statue_2, layout_rooms, minmay_lizard_king
D:2:      layout_loops_corners, lemuel_doored_altar, first_ration
D:3:      layout_basic, uniq_crazy_yiuf_cottage, uniq_sigmund, uniq_ijyb
D:4:      minmay_inner_zag, layout_basic, minmay_temple_entry_statues_pillars
D:5:      layout_basic, evilmike_ruin_ashenzari
D:6:      layout_basic, nemelex_dance_club_becter, uniq_eustachio
D:7:      layout_loops_cross
D:8:      layout_rooms
D:9:      layout_loops_ring, kennysheep_generic_room_11, uniq_erolcha
D:10:     layout_basic, erik_lair_orcish_takeover, serial_shops, shop,
          uniq_joseph, uniq_harold
D:11:     layout_loops_ring, minmay_orc_entry_guard_dogs,
          portal_ice_cave_demonic_guard, serial_shops, nicolae_shop_trees,
          grunt_tengu_nest

Skill      XL: |  1  2  3  4  5  6  7  8  9 10 11 |
---------------+----------------------------------+-----
Maces & Flails | 3 4 5 6 7 8 9 11 | 11.6
Fighting       | 9 13 14 | 14.0
Dodging        | 7 8 |  8.1

Action                   |  1- 3 |  4- 6 |  7- 9 | 10-12 || total
-------------------------+-------+-------+-------+-------++-------
Melee: Mace              |   114 |    92 |       |       ||   206
       Flail             |       |    62 |   420 |   407 ||   889
       Dire flail        |       |       |       |    56 ||    56
Invok: Berserk           |     3 |     4 |    13 |    10 ||    30
       Trog's Hand       |       |     1 |     2 |     2 ||     5
       Brothers in Arms  |       |       |       |     1 ||     1
 Stab: Sleeping          |       |       |       |     1 ||     1
  Eat: Chunk             |     3 |    10 |    24 |    16 ||    53
       Ration            |       |       |     2 |     2 ||     4
Armor: Animal skin       |    33 |    42 |   111 |   109 ||   295
Dodge: Dodged            |    74 |   102 |   180 |   275 ||   631

Table legend:
 A = Non-vault XP
 B = Vault XP
 C = Vault XP percentage of total XP
 D = Non-vault monster count
 E = Vault monster count
 F = Vault count percentage of total count
                 A         B        C        D         E       F
            +---------+---------+-------+---------+---------+-------
      Total |   11502 |    4954 |  30.1 |     267 |      25 |   8.6
            +---------+---------+-------+---------+---------+-------
        D:1 |      25 |       7 |  21.9 |      14 |       5 |  26.3
        D:2 |     236 |       0 |   0.0 |      33 |       0 |   0.0
        D:3 |     175 |     281 |  61.6 |      31 |       3 |   8.8
        D:4 |     539 |     160 |  22.9 |      24 |       2 |   7.7
        D:5 |     736 |       0 |   0.0 |      27 |       0 |   0.0
        D:6 |     889 |     319 |  26.4 |      24 |       3 |  11.1
        D:7 |     872 |       0 |   0.0 |      13 |       0 |   0.0
        D:8 |    1561 |       0 |   0.0 |      13 |       0 |   0.0
        D:9 |     974 |    1331 |  57.7 |      26 |       2 |   7.1
       D:10 |    3398 |    1950 |  36.5 |      38 |       9 |  19.1
       D:11 |    2097 |     906 |  30.2 |      24 |       1 |   4.0
            +---------+---------+-------+---------+---------+-------
